 Dungeon Crawl Stone Soup version 0.29.0-4-gdea44cf6ec (webtiles) character file.

Game seed: 6023424165866443946

151 qw the Chopper (level 5, -2/30 HPs)
             Began as a Tengu Warper on Aug 28, 2022.
             Slain by Sigmund
             ... wielding a +0 scythe
              (3 damage)
             ... on level 4 of the Dungeon.
             The game lasted 00:00:26 (4478 turns).

qw the Chopper (Tengu Warper)                       Turns: 4478, Time: 00:00:27

Health: -2/30      AC:  6    Str: 14    XL:     5   Next: 33%
Magic:  9/9        EV: 13    Int: 13    God:
Gold:   101        SH:  0    Dex: 13    Spells: 8/8 levels left

rFire   . . .      SeeInvis .   Y - +3 hand axe (vorpal)
rCold   + . .      Faith    .   (no shield)
rNeg    . . .      Spirit   .   f - +0 ring mail
rPois   .          Reflect  .   (helmet restricted)
rElec   .          Harm     .   (no cloak)
rCorr   .          Rampage  .   h - +0 pair of gloves
Will    .....                   (boots unavailable)
Stlth   +.........              (no amulet)
HPRegen 0.10/turn               l - ring of protection from cold
MPRegen 0.11/turn               (no ring)

@: flying quickly and evasively, quick
A: beak, talons 3, nimble flight
a: no special abilities


You were on level 4 of the Dungeon.
You visited 1 branch of the dungeon, and saw 4 of its levels.

You collected 101 gold pieces.


Innate Abilities, Weirdness & Mutations

You have a beak for a mouth.
You have claws for feet.
Your magical nature lets you fly swiftly and evasively.


   Skills:
 - Level 2.0 Fighting
 + Level 5.9 Axes
 - Level 1.0 Throwing
 - Level 1.1 Armour
 - Level 2.1 Dodging
 - Level 2.0 Spellcasting
 - Level 2.4 Translocations


You had 8 spell levels left.
You didn't know any spells.
Your spell library contained the following spells:

 Spells                   Type           Power      Damage    Failure   Level
 Blink                    Tloc           14%        N/A       30%         2
 Gell's Gravitas          Tloc           7%         N/A       52%         3
 Lesser Beckoning         Tloc           7%         N/A       52%         3
 Teleport Other           Tloc           7%         N/A       52%         3
 Manifold Assault         Tloc           7%         N/A       99%         5

Inventory:

Hand Weapons
 a - a +0 flail
 Y - a +3 vorpal hand axe (weapon)
Armour
 f - a +0 ring mail (worn)
 h - a +0 pair of gloves (worn)
Jewellery
 l - a ring of protection from cold (left hand)
Scrolls
 c - 2 scrolls of identify
Potions
 b - a potion of curing {unknown}
 d - a potion of mutation {unknown}
 e - a potion of heal wounds {unknown}
 m - a potion of might

Dungeon Overview and Level Annotations

Branches:
Dungeon (4/15)
 Temple: D:4-7

Altars:
Fedhas

Annotations:
D:4 Sigmund


Message History

You're too confused to attack without stumbling around!
There is a strange disturbance nearby!
Something hits you.
You're too confused to attack without stumbling around!
There is a strange disturbance nearby!
You're too confused to attack without stumbling around!
There is a strange disturbance nearby!
You feel less confused. Something hits you!
You miss something. You peck something.
You hear some strange, mumbled words.
You are confused.
You're too confused to attack without stumbling around!
There is a strange disturbance nearby!
Something hits you.
You're too confused to attack without stumbling around!
There is a strange disturbance nearby!
You're too confused to attack without stumbling around!
There is a strange disturbance nearby!
You hear some strange, mumbled words.
Something tries to affect you, but you resist.
You're too confused to attack without stumbling around!
There is a strange disturbance nearby!
You hear a zap.
A puff of flame appears from out of thin air!
The puff of flame misses you.
You're too confused to attack without stumbling around!
There is a strange disturbance nearby!
You hear a zap.
A puff of flame appears from out of thin air!
The puff of flame hits you!
You're too confused to attack without stumbling around!
There is a strange disturbance nearby!
You hear some strange, mumbled words.
Something tries to affect you, but you resist.
You're too confused to attack without stumbling around!
There is a strange disturbance nearby!
You feel less confused. Something hits you.
You die...

#................
.........####.#.#
.######...###.#.# .#
#.#..##.#.#### .#
#.##....#..... .#
#.####...#########
.######.#####........:..
..........).............
#######.###)).).@{....#
........# #.##........#
###########.##.####.....
..........#.##.# ....
#########.#.##.# .#.
.########.#.##.# #
<)........#.##.#
###########.##.#
............##.'


There were no monsters in sight!

Vanquished Creatures
  5 adders
  A worm (D:3)
  4 dart slugs
  10 orcs
  3 bats
  3 endoplasms
  2 giant cockroaches (D:3)
  11 goblins
  10 hobgoblins
  12 jackals
  A quokka (D:3)
  4 ball pythons
  2 frilled lizards (D:1)
  6 kobolds
  4 rats
78 creatures vanquished.

Notes
Turn   | Place    | Note
-------+----------+-------------------------------------------
     0 | D:1      | qw the Tengu Warper began the quest for the Orb.
     0 | D:1      | Reached XP level 1. HP: 12/12 MP: 4/4
     0 | D:1      | 0 ||| qw: Version: 0.1-a-89-g26bdef1
     0 | D:1      | 0 ||| qw: Game counter: 1008
     0 | D:1      | 0 ||| qw: Always use a shield: true
     0 | D:1      | 0 ||| qw: God list: Okawaru
     0 | D:1      | 0 ||| qw: Allow faded altars: false
     0 | D:1      | 0 ||| qw: Do Orc after D:15 true
     0 | D:1      | 0 ||| qw: Do second Lair branch before Depths: true
     0 | D:1      | 0 ||| qw: Lair rune preference: random
     0 | D:1      | 0 ||| qw: Plans: Normal
     0 | D:1      | 0 ||| PLANNING D:1-11
    64 | D:1      | Reached XP level 2. HP: 17/17 MP: 6/6
    70 | D:1      | Reached skill level 3 in Axes
   157 | D:1      | 157 ||| Stepping ~*~*~tactically~*~*~ (stealth).
   702 | D:1      | 702 ||| Stepping ~*~*~tactically~*~*~ (stealth).
   704 | D:1      | 704 ||| Stepping ~*~*~tactically~*~*~ (stealth).
   935 | D:1      | 935 ||| Stepping ~*~*~tactically~*~*~ (stealth).
   969 | D:1      | 969 ||| Stepping ~*~*~tactically~*~*~ (stealth).
  1035 | D:1      | Reached XP level 3. HP: 16/21 MP: 7/7
  1099 | D:1      | Found a faded altar of an unknown god.
  1298 | D:1      | 1298 ||| UPGRADING to +0 pair of gloves.
  1303 | D:1      | 1303 ||| DROPPING +6 ring of intelligence.
  1304 | D:1      | 1304 ||| UPGRADING to ring of protection from cold.
  1305 | D:1      | 1305 ||| READING scroll labelled YPAZXU GUQI.
  1310 | D:1      | 1310 ||| READING scroll labelled OQOOQUTT SAVVE.
  1311 | D:1      | 1311 ||| READING scroll labelled OZXUVE GY ASA.
  1312 | D:1      | 1312 ||| READING scroll labelled FIXZIDD YNUA.
  1313 | D:1      | 1313 ||| DROPPING scroll of blinking.
  1359 | D:2      | 1359 ||| STAIRDANCE
  1400 | D:2      | Reached skill level 4 in Axes
  1400 | D:2      | 1400 ||| STAIRDANCE
  1587 | D:2      | 1587 ||| Stepping ~*~*~tactically~*~*~ (stealth).
  1588 | D:2      | 1588 ||| Stepping ~*~*~tactically~*~*~ (stealth).
  1594 | D:2      | 1594 ||| FLEEEEING.
  1595 | D:2      | 1595 ||| STAIRDANCE
  1648 | D:1      | 1648 ||| READING scroll labelled HEPIOL WEANWI.
  1666 | D:2      | 1666 ||| FLEEEEING.
  1667 | D:2      | 1667 ||| FLEEEEING.
  1668 | D:2      | 1668 ||| STAIRDANCE
  1934 | D:2      | 1934 ||| FLEEEEING.
  1936 | D:2      | 1936 ||| FLEEEEING.
  1937 | D:2      | 1937 ||| FLEEEEING.
  1939 | D:2      | 1939 ||| FLEEEEING.
  1940 | D:2      | 1940 ||| FLEEEEING.
  1942 | D:2      | 1942 ||| FLEEEEING.
  1943 | D:2      | 1943 ||| STAIRDANCE
  1987 | D:1      | 1987 ||| DRINKING 2 red potions.
  1988 | D:1      | 1988 ||| DROPPING potion of flight.
  2034 | D:2      | 2034 ||| Stepping ~*~*~tactically~*~*~ (stealth).
  2048 | D:2      | Reached XP level 4. HP: 24/26 MP: 8/8
  2084 | D:2      | 2084 ||| Stepping ~*~*~tactically~*~*~ (stealth).
  2220 | D:2      | 2220 ||| Stepping ~*~*~tactically~*~*~ (stealth).
  2224 | D:2      | 2224 ||| Stepping ~*~*~tactically~*~*~ (stealth).
  2293 | D:2      | 2293 ||| DROPPING +0 club.
  2344 | D:2      | 2344 ||| Stepping ~*~*~tactically~*~*~ (stealth).
  2374 | D:2      | 2374 ||| Stepping ~*~*~tactically~*~*~ (stealth).
  2781 | D:2      | 2781 ||| READING 3 scrolls of identify.
  2781 | D:2      | 2781 ||| IDENTIFYING orange potion
  2782 | D:2      | 2782 ||| READING 2 scrolls of identify.
  2782 | D:2      | 2782 ||| IDENTIFYING inky potion
  2783 | D:2      | 2783 ||| DROPPING potion of berserk rage.
  2891 | D:3      | Reached skill level 5 in Axes
  3068 | D:3      | Found a blossoming altar of Fedhas.
  3069 | D:3      | 3069 ||| Stepping ~*~*~tactically~*~*~ (stealth).
  3071 | D:3      | 3071 ||| Stepping ~*~*~tactically~*~*~ (stealth).
  3116 | D:3      | 3116 ||| Stepping ~*~*~tactically~*~*~ (hiding).
  3300 | D:3      | 3300 ||| SWAPPING to +2 vorpal hand axe.
  3301 | D:3      | 3301 ||| DROPPING +0 hand axe.
  3348 | D:3      | 3348 ||| Stepping ~*~*~tactically~*~*~ (stealth).
  3350 | D:3      | 3350 ||| Stepping ~*~*~tactically~*~*~ (stealth).
  3353 | D:3      | 3353 ||| Stepping ~*~*~tactically~*~*~ (stealth).
  3365 | D:3      | HP: 5/26 [orc/+0 club (4)]
  3367 | D:3      | 3367 ||| Stepping ~*~*~tactically~*~*~ (stealth).
  3375 | D:3      | 3375 ||| Stepping ~*~*~tactically~*~*~ (stealth).
  3376 | D:3      | 3376 ||| Stepping ~*~*~tactically~*~*~ (stealth).
  3377 | D:3      | 3377 ||| Stepping ~*~*~tactically~*~*~ (stealth).
  3378 | D:3      | 3378 ||| Stepping ~*~*~tactically~*~*~ (stealth).
  3409 | D:3      | 3409 ||| FLEEEEING.
  3410 | D:3      | 3410 ||| FLEEEEING.
  3411 | D:3      | 3411 ||| FLEEEEING.
  3530 | D:3      | 3530 ||| FLEEEEING.
  3531 | D:3      | 3531 ||| FLEEEEING.
  3532 | D:3      | 3532 ||| FLEEEEING.
  3566 | D:3      | 3566 ||| FLEEEEING.
  3567 | D:3      | 3567 ||| FLEEEEING.
  3568 | D:3      | 3568 ||| FLEEEEING.
  3683 | D:3      | 3683 ||| DROPPING +0 whip.
  3737 | D:3      | Gained mutation: Your magical nature lets you fly swiftly
                  | and evasively. [Tengu growth]
  3737 | D:3      | Reached XP level 5. HP: 11/30 MP: 9/9
  3961 | D:3      | 3961 ||| Stepping ~*~*~tactically~*~*~ (stealth).
  4146 | D:3      | 4146 ||| UPGRADING to +0 ring mail.
  4156 | D:3      | 4156 ||| DROPPING +0 leather armour.
  4157 | D:3      | 4157 ||| READING scroll labelled POIPSASEOX.
  4158 | D:3      | 4158 ||| READING scroll labelled YBRUNI NAGURAK.
  4221 | D:4      | 4221 ||| Stepping ~*~*~tactically~*~*~ (stealth).
  4242 | D:4      | 4242 ||| DROPPING +2 mace of protection.
  4462 | D:4      | Noticed Sigmund
  4476 | D:4      | HP: 1/30 [something/puff of flame (9)]
  4478 | D:4      | Slain by Sigmund

Levels and vault maps discovered:
D:1:      sevenhm_arrival_forest_fort_large_4, layout_basic,
          hellmonk_ecumenical_altar_prayer_group
D:2:      layout_loops_ring, kennysheep_generic_room_12
D:3:      layout_basic, lemuel_tele_altar
D:4:      layout_basic, mainiacjoe_overflow_alcove_2, hangedman_decor_growths,
          uniq_sigmund, uniq_grinder

Skill      XL: |  1  2  3  4 |
---------------+-------------+-----
Axes           | 3 4 5 |  5.9
Fighting       | |  2.0
Throwing       | |  1.0
Armour         | |  1.1
Dodging        | |  2.1
Spellcasting   | |  2.0
Translocations | |  2.4

Action                   |  1- 3 |  4- 6 || total
-------------------------+-------+-------++-------
Melee: Hand axe          |    74 |   110 ||   184
       Peck              |     8 |    13 ||    21
       Kick              |    17 |    26 ||    43
       Punch             |       |     1 ||     1
Throw: Boomerang         |     7 |       ||     7
  Use: Scroll            |     5 |     4 ||     9
       Potion            |     1 |       ||     1
Armor: Leather armour    |    20 |    15 ||    35
       Ring mail         |       |     3 ||     3
Dodge: Dodged            |    47 |    53 ||   100

Table legend:
 A = Non-vault XP
 B = Vault XP
 C = Vault XP percentage of total XP
 D = Non-vault monster count
 E = Vault monster count
 F = Vault count percentage of total count
                 A         B        C        D         E       F
            +---------+---------+-------+---------+---------+-------
      Total |     212 |       5 |   2.3 |      75 |       3 |   3.8
            +---------+---------+-------+---------+---------+-------
        D:1 |      35 |       4 |  10.3 |      19 |       2 |   9.5
        D:2 |      73 |       1 |   1.4 |      27 |       1 |   3.6
        D:3 |      70 |       0 |   0.0 |      21 |       0 |   0.0
        D:4 |      34 |       0 |   0.0 |       8 |       0 |   0.0
            +---------+---------+-------+---------+---------+-------
